AoeStats
← dave9014

Glade

510848397Analyzed
1v1 RM · 19h ago on Oct 2, 2026· 37m 14s· 2 players
Game mode
Random Map
Map size
Tiny (2 player)
Population
200
Speed
Normal
Resources
Standard
Victory
Conquest
Starting age
Dark Age
Ending age
Imperial Age
RankedLock teamsTeams togetherTeam positionsShared explorationLock speedFull tech treeHidden civsTurbo modeCheats
Victory
Defeat
🇨🇿 Celts · Czechia
929
+14
🇧🇪 Maya · Belgium
894
-14
King_Ruben
0:31 Loom
10:42 Feudal Age
11:28 Double-Bit Axe
18:04 Castle Age
19:00 Forging
18:54 Stone Mining
18:47 Horse Collar
19:20 Bow Saw
20:08 Gold Mining
22:16 Stone Shaft Mining
22:15 Fletching
22:31 Crossbowman
25:01 Scale Mail Armor
26:46 Thumb Ring
26:43 Padded Archer Armor
28:14 Wheelbarrow
33:14 Imperial Age
32:11 Man-at-Arms
33:50 Hand Cart
34:26 Bodkin Arrow
35:46 Two-Man Saw
35:47 Ballistics
36:20 Hoardings
35:50 Town Watch
dave9014
5:46 Loom
11:23 Feudal Age
12:30 Double-Bit Axe
17:04 Castle Age
15:42 Horse Collar
16:54 Forging
16:44 Scale Mail Armor
18:16 Bow Saw
19:08 Heavy Plow
19:02 Fletching
22:15 Arson
24:46 Gold Mining
27:37 Wheelbarrow
27:03 Bodkin Arrow
27:44 Iron Casting
31:43 Imperial Age
30:30 Hand Cart
30:01 Town Watch
30:59 Gold Shaft Mining
31:15 Elite Skirmisher
34:03 Padded Archer Armor
35:04 Blast Furnace
34:19 Chain Mail Armor
Connection lost

Rejoining the realm…

Still unreachable

The connection could not be restored.

Session expired

The server has moved on; the page needs a fresh start.